 Dungeon Crawl Stone Soup version 0.21.1-1-g345015fe64 (webtiles) character file.

109 Lusmu the Firebug (level 4, 0/33 HPs)
             Began as a Draconian Fire Elementalist on Apr 9, 2018.
             Succumbed to Dox's ghost's poison
             ... on level 3 of the Dungeon.
             The game lasted 00:09:19 (2218 turns).

Lusmu the Firebug (Draconian Fire Elementalist)     Turns: 2218, Time: 00:09:19

Health: 0/33       AC:  5    Str: 10    XL:     4   Next: 60%
Magic:  5/7        EV: 17    Int: 16    God:
Gold:   117        SH:  0    Dex: 17    Spells: 6/7 levels left

rFire    . . .     SeeInvis .   o - +0 spear
rCold    . . .     Gourm    .   (no shield)
rNeg     . . .     Faith    .   (armour unavailable)
rPois    .         Spirit   .   (helmet restricted)
rElec    .         Reflect  .   (no cloak)
rCorr    .         Harm     .   (no gloves)
MR       .....                  (no boots)
Stlth    +++.......             (no amulet)
HPRegen  0.11/turn              (no ring)
MPRegen  0.10/turn              (no ring)

@: agile, lethally poisoned (0 -> -8)
A: unfitting armour, cold-blooded, AC +5
a: no special abilities


You were on level 3 of the Dungeon.
You were not hungry.

You visited 1 branch of the dungeon, and saw 3 of its levels.

You collected 117 gold pieces.

Inventory:

Hand Weapons
 o - a +0 spear (weapon)
Missiles
 f - 18 poisoned needles
 h - 49 bolts
 p - 4 tomahawks (quivered)
Wands
 r - a wand of paralysis (10)
Scrolls
 d - a scroll of remove curse {unknown}
 e - a scroll of fear {unknown}
 i - a scroll of fog {unknown}
 j - 2 scrolls of teleportation
 m - 2 scrolls of enchant armour {unknown}
Potions
 g - a potion of mutation {unknown}
 k - a potion of might
 l - 2 potions of resistance {unknown}
 n - a potion of curing {unknown}
Books
 a - a book of Flames

   Spells                             Type                      Level
   a - Flame Tongue                   Conjuration/Fire             1
   b - Throw Flame                    Conjuration/Fire             2
   c - Conjure Flame                  Conjuration/Fire             3
   d - Inner Flame                    Hexes/Fire                   3
   e - Sticky Flame                   Conjuration/Fire             4
   f - Fireball                       Conjuration/Fire             5
Comestibles
 b - 5 rations
 q - a chunk of flesh


   Skills:
 - Level 1.7 Dodging
 - Level 1.7 Stealth
 - Level 2.0 Spellcasting
 * Level 3.2 Conjurations
 * Level 4.3 Fire Magic


You had 6 spell levels left.
You knew the following spells:

 Your Spells              Type           Power        Failure   Level  Hunger
a - Flame Tongue          Conj/Fire      ##...        4%          1    #......


Dungeon Overview and Level Annotations

Branches:
Dungeon (3/15)

Altars:
Nemelex Xobeh

Annotations:
D:3 Dox's ghost, amateur OpFi; Sigmund


Innate Abilities, Weirdness & Mutations

Your plain brown scales are hard. (AC +5)
You cannot fit into any form of body armour.
You are cold-blooded and may be slowed by cold attacks.


Message History

You feel sick.
* * * LOW HITPOINT WARNING * * *
You feel sick.
* * * LOW HITPOINT WARNING * * *
You feel sick.
* * * LOW HITPOINT WARNING * * *
You feel sick.
* * * LOW HITPOINT WARNING * * *
You feel sick.
* * * LOW HITPOINT WARNING * * *
You feel sick.
* * * LOW HITPOINT WARNING * * *
You feel sick.
* * * LOW HITPOINT WARNING * * *
You feel sick.
* * * LOW HITPOINT WARNING * * *
You feel sick.
It was a potion of agility.
You feel agile all of a sudden.
You die...

#
#...>..##.........
#
#####..)#..#####..
### #...#..## ..#
#...##..### ###
#..##.....#
#..##.....#
#.....# #.>..W#
#....@# #....<#
#######


You could see Dox's ghost.

Vanquished Creatures
  6 adders
  An ooze (D:1)
  3 leopard geckos
  5 orcs (D:3)
  3 ball pythons
  4 bats
  2 giant cockroaches
  4 goblins
  5 hobgoblins
  A quokka (D:2)
  A frilled lizard (D:1)
  4 kobolds
  3 rats
42 creatures vanquished.

Notes
Turn   | Place    | Note
-------+----------+-------------------------------------------
     0 | D:1      | Lusmu the Draconian Fire Elementalist began the quest for the Orb.
     0 | D:1      | Reached XP level 1. HP: 14/14 MP: 3/3
    90 | D:1      | Reached XP level 2. HP: 17/20 MP: 0/5
   818 | D:1      | Reached XP level 3. HP: 20/26 MP: 1/6
   997 | D:2      | Reached skill level 4 in Fire Magic
  1078 | D:2      | Reached XP level 4. HP: 21/33 MP: 3/7
  1443 | D:2      | Found a faded altar of an unknown god.
  1811 | D:3      | Noticed Dox's ghost (amateur OpFi)
  1986 | D:3      | Found a sparkling altar of Nemelex Xobeh.
  1993 | D:3      | Noticed Sigmund
  2013 | D:3      | Paralysed by an orc for 3 turns
  2030 | D:3      | Paralysed by an orc for 4 turns
  2217 | D:3      | HP: 1/33 [poisoned by Dox's ghost]
  2218 | D:3      | Succumbed to Dox's ghost's poison

Skill      XL: |  1  2  3  4 |
---------------+-------------+-----
Conjurations   | 2 3 |  3.2
Fire Magic     | 4 |  4.3
Dodging        | |  1.7
Stealth        | |  1.7
Spellcasting   | |  2.0

Action                   |  1- 3 |  4- 6 || total
-------------------------+-------+-------++-------
Melee: Dagger            |    21 |       ||    21
       Tailslap          |     3 |     2 ||     5
       Spear             |       |    42 ||    42
 Cast: Flame Tongue      |    38 |    24 ||    62
  Use: Scroll            |       |     1 ||     1
       Potion            |       |     1 ||     1
  Eat: Chunk             |     1 |     4 ||     5
Armor: Skin              |    13 |    16 ||    29
Dodge: Dodged            |    24 |    42 ||    66
